 Dungeon Crawl Stone Soup version 0.19-b1-4-gd8a0a2a (webtiles) character file.

53 tv1990 the Chopper (level 4, 0/37 HPs)
             Began as a Formicid Monk on Oct 30, 2016.
             Slain by Sigmund
             ... wielding a +0 scythe
              (8 damage)
             ... on level 2 of the Dungeon.
             The game lasted 00:02:54 (1103 turns).

tv1990 the Chopper (Formicid Monk)                  Turns: 1103, Time: 00:02:54

Health: 0/37       AC:  6    Str: 15    XL:     4   Next: 11%
Magic:  4/4        EV: 10    Int: 10    God:
Gold:   24         SH:  0    Dex: 14    Spells: 0 memorised, 3 levels left

rFire  . . .     SeeInvis +     a - +0 hand axe
rCold  . . .     Gourm    .     g - +0 scale mail
rNeg   . . .     Faith    .     (no shield)
rPois  .         Spirit   .     (helmet unavailable)
rElec  .         Reflect  .     (no cloak)
rCorr  .         Harm     +     (no gloves)
MR     .....                    (no boots)
Stlth  ..........               e - amulet of harm
                                (no ring)
                                (no ring)

@: confused
A: permanent stasis, dig shafts and tunnels, four strong arms, antennae 3
a: Dig, Shaft Self


You were on level 2 of the Dungeon.
You were not hungry.

You visited 1 branch of the dungeon, and saw 2 of its levels.

You collected 24 gold pieces.

Inventory:

Hand Weapons
 a - a +0 hand axe (weapon)
Armour
 b - a +0 robe
 g - a +0 scale mail (worn)
Jewellery
 e - an amulet of harm (around neck)
Wands
 h - a wand of flame (15/48)
Scrolls
 m - a scroll of immolation {unknown}
Potions
 f - a potion of flight
Comestibles
 c - 2 bread rations
 d - 6 chunks of flesh
 i - a beef jerky
 j - a meat ration
 k - a slice of pizza


   Skills:
 + Level 3.8 Fighting
 * Level 3.9 Axes
 + Level 1.4 Armour
 - Level 2.6 Dodging
 - Level 2.4 Stealth


You had 3 spell levels left.
You didn't know any spells.

Dungeon Overview and Level Annotations

Branches:
Dungeon (2/15)

Altars:
Ru

Annotations:
D:2 Sigmund


Innate Abilities, Weirdness & Mutations

You are under a permanent stasis effect.
You can dig through walls and to a lower floor.
Your four strong arms can wield two-handed weapons with a shield.
You have a pair of large antennae on your head. (SInv)


Message History

Sigmund hits you with a scythe.
* * * LOW HITPOINT WARNING * * *
You barely miss Sigmund.
Sigmund is lightly wounded.
Sigmund says, "Your kind have come here before.
I understand now why.
You desire death..."
Sigmund barely misses you.
Your scale mail prevents you from hitting Sigmund.
Sigmund is lightly wounded.
You closely miss Sigmund.
Sigmund is lightly wounded.
Sigmund casts a spell at you.
You are confused.
You bump into the rock wall.
Sigmund hits you with a scythe.
* * * LOW HITPOINT WARNING * * *
You bump into the rock wall.
Sigmund hits you with a scythe.
* * * LOW HITPOINT WARNING * * *
You bump into the rock wall.
You're too confused to move!
Sigmund barely misses you.
You bump into the rock wall.
Sigmund hits you with a scythe!
You die...

.........(..# ......#
............# #.....###
.....@......# #.....#..
............# #.....#.#
........@...####........
########.....>..........
##.#.?......###....
#@##...............
##@#........###.#.#
###........# #.#.#
#####+#### #.#.# #.#.# {
#.#.# #.#.# #.#.# #.#.#


You could see Sigmund.

Vanquished Creatures
  An adder (D:2)
  An ooze (D:2)
  A leopard gecko (D:1)
  A ball python (D:2)
  2 giant cockroaches (D:1)
  2 goblins
  6 hobgoblins
  6 jackals (D:2)
  3 kobolds (D:2)
  6 bats
  8 rats
37 creatures vanquished.

Notes
Turn   | Place    | Note
-------+----------+-------------------------------------------
     0 | D:1      | tv1990 the Formicid Monk began the quest for the Orb.
     0 | D:1      | Reached XP level 1. HP: 18/18 MP: 1/1
   104 | D:1      | Reached XP level 2. HP: 16/24 MP: 2/2
   706 | D:2      | Reached XP level 3. HP: 24/29 MP: 3/3
   957 | D:2      | Found a sacrificial altar of Ru.
   974 | D:2      | Reached skill level 1 in Armour
  1048 | D:2      | Reached XP level 4. HP: 25/37 MP: 4/4
  1061 | D:2      | Noticed Sigmund
  1103 | D:2      | Slain by Sigmund

Skill      XL: |  1  2  3 |
---------------+----------+-----
Armour         | 1 |  1.4
Fighting       | |  3.8
Axes           | |  3.9
Dodging        | |  2.6
Stealth        | |  2.4

Action                   |  1- 3 |  4- 6 || total
-------------------------+-------+-------++-------
Melee: Hand axe          |   120 |    29 ||   149
 Abil: Dig               |       |     1 ||     1
  Use: Scroll            |     1 |       ||     1
       Potion            |       |     1 ||     1
 Stab: Sleeping          |     2 |       ||     2
  Eat: Chunk             |     1 |       ||     1
Armor: Robe              |     5 |       ||     5
       Scale mail        |    51 |    15 ||    66
Dodge: Dodged            |    72 |    25 ||    97

Table legend:
 A = Turns spent in this place as a percentage of turns spent in the entire game.
 B = Non-inter-level travel turns spent in this place as a percentage of non-inter-level travel turns spent in the entire game.
 C = Inter-level travel turns spent in this place as a percentage of turns spent in this place.
 D = Turns resting spent in this place as a percentage of non-inter-level travel turns spent in this place.
 E = Turns spent auto-exploring this place as a percentage of non-inter-level travel turns spent in this place.
 F = Non-inter-level travel turns spent in this place divided by the number of levels of this place that you've seen.
                   A       B       C       D       E      F
               +-------+-------+-------+-------+-------+----------------------
         Total | 100.0 | 100.0 |   0.3 |   1.1 |  17.5 | 177.0
       Dungeon | 100.0 | 100.0 |   0.3 |   1.1 |  17.5 | 177.0
               +-------+-------+-------+-------+-------+----------------------

Table legend:
 A = Kills in this place as a percentage of kills in entire the game.
 B = Kills by you in this place as a percentage of kills by you in the entire game.
 C = Kills by friends in this place as a percentage of kills by friends in the entire game.
 D = Other kills in this place as a percentage of other kills in the entire game.
 E = Experience gained in this place as a percentage of experience gained in the entire game.
 F = Experience gained in this place divided by the number of levels of this place that you have seen.
                   A       B       C       D       E      F
               +-------+-------+-------+-------+-------+----------------------
         Total | 100.0 | 100.0 |  -nan |  -nan | 100.0 |  38.5
       Dungeon | 100.0 | 100.0 |  -nan |  -nan | 100.0 |  38.5
               +-------+-------+-------+-------+-------+----------------------

Vault maps used:
D:1:      onia_arrival_larder, minmay_misc_feat_five,
          hangedman_decor_clover_reticule
D:2:      lemuel_doored_altar, kennysheep_nub, uniq_sigmund
